 Dungeon Crawl Stone Soup version 0.30-a0-159-g068b764562 (webtiles) character file.

Game seed: 13154329587619077112

211 IdlyInterested the Trooper (level 5, -4/41 HPs)
             Began as a Demonspawn Wanderer on Sept 27, 2022.
             Slain by an ice beast (13 damage)
             ... on level 4 of the Dungeon.
             The game lasted 00:10:25 (4798 turns).

IdlyInterested the Trooper (Demonspawn Wanderer)    Turns: 4798, Time: 00:10:26

Health: -4/41      AC:  5    Str: 12    XL:     5   Next: 57%
Magic:  6/6        EV: 11    Int: 17    God:
Gold:   29         SH:  0    Dex: 13    Spells: 5/6 levels left

rFire   + . .      SeeInvis .    m - +1 rapier
rCold   . . .      Faith    .    (no shield)
rNeg    . . .      Spirit   .    e - +0 leather armour
rPois   .          Reflect  .    (no helmet)
rElec   .          Harm     .    d - +0 cloak
rCorr   .          Rampage  .    i - +0 pair of gloves
Will    .....                    (no boots)
Stlth   ++........               (no amulet)
HPRegen 0.13/turn                r - ring of protection from fire
MPRegen 0.10/turn                (no ring)

@: confused, ambrosia-drunk
A: thin skeletal structure 1, demonic guardian 1
a: no special abilities


You were on level 4 of the Dungeon.
You visited 1 branch of the dungeon, and saw 4 of its levels.

You collected 139 gold pieces.
You spent 110 gold pieces at shops.

Inventory:

Hand Weapons
 m - a +1 rapier (weapon)
 o - a +0 dagger of draining
 q - a +2 vampiric dagger
Missiles
 c - 8 poisoned darts
Armour
 d - a +0 cloak (worn)
 e - a +0 leather armour (worn)
 f - a +0 robe
 i - a +0 pair of gloves (worn)
Jewellery
 r - a ring of protection from fire (left hand)
Scrolls
 a - a scroll of blinking {unknown}
 h - 2 scrolls of enchant armour {unknown}
 n - a scroll of acquirement {unknown}
 p - 2 scrolls of identify
Potions
 b - 2 potions of cancellation
 g - a potion of attraction {unknown}
 j - a potion of ambrosia
 k - a potion of mutation {unknown}
 s - 4 potions of heal wounds {unknown}


   Skills:
 - Level 3.0 Fighting
 + Level 1.8 Short Blades
 + Level 0.8 Throwing
 - Level 1.0 Armour
 - Level 2.0 Dodging
 * Level 2.9 Stealth
 - Level 1.0 Spellcasting
 - Level 2.0 Hexes
 - Level 2.6 Ice Magic
 - Level 1.2 Invocations


You had 5 spell levels left.
You knew the following spells:

 Your Spells              Type           Power      Damage    Failure   Level
a - Slow                  Hex            28%        N/A       12%         1

Your spell library contained the following spells:

 Spells                   Type           Power      Damage    Failure   Level
 Freeze                   Ice            36%        1d6       9%          1
 Tukima's Dance           Hex            7%         N/A       34%         3
 Volcanic Tap             Conj/Fire/Erth 0%         3d8       38%         2
 Hailstorm                Conj/Ice       5%         3d4       43%         3
 Ice Form                 Ice/Tmut       5%         N/A       83%         4
 Leda's Liquefaction      Hex/Erth       2%         N/A       87%         4
 Lee's Rapid Deconstruct  Erth           0%         3d5*      100%        5
 Statue Form              Tmut/Erth      0%         N/A       100%        6


Dungeon Overview and Level Annotations

Branches:
Dungeon (4/15)
 Temple: D:4-7

Altars:
Dithmenos
Vehumet
Wu Jian

Shops:
D:3 *

Annotations:
D:4 Robin


Innate Abilities, Weirdness & Mutations

You have a somewhat thin skeletal structure. (Dex +2, Stealth+)
A weak demonic guardian rushes to your aid.


Message History

The hobgoblin is moderately wounded.
The hobgoblin closely misses you.
Unknown command.
You hit the hobgoblin.
The hobgoblin is heavily wounded.
The goblin barely misses you. The goblin hits you but does no damage.
The hobgoblin misses you.
Unknown command.
You catch the helpless hobgoblin completely off-guard!
You hit the hobgoblin.
You kill the hobgoblin!
The goblin closely misses you. The goblin barely misses you.
You hit Robin.
Robin is lightly wounded.
Robin roars a battlecry!
The goblins go into a battle-frenzy!
The goblin hits you with a +0 club. The goblin misses you.
Unknown command.
You hit Robin.
Robin is moderately wounded.
You flicker for a moment.
Unknown command.
You closely miss the goblin. The goblin closely misses you.
The goblin hits you with a +0 club.
You barely miss the goblin. You closely miss the goblin.
Robin throws the goblin out of sight!
The goblin hits you but does no damage. The goblin hits you with a +0 spear.
You closely miss the goblin. The ice beast hits you. The ice beast freezes you.
* * * LOW HITPOINT WARNING * * *
The goblin closely misses you. The goblin hits you with a +0 spear.
* * * LOW HITPOINT WARNING * * *
A demonic guardian appears!
Unknown command.
You are confused.
You feel invigorated.
You flicker back into view.
The ice beast hits you.
* * * LOW HITPOINT WARNING * * *
The ice beast freezes you!
You die...

#..######
.....
#..##
....
....#
....
..##.#
..# #.
... ..##
... #.. #
.
#g#.#....
#@Yg.....
#g#..#...
#5. .#
##.. #
<.. ##..
... ##.


You could see an ice beast, Robin, 2 goblins and a friendly shadow imp
(summoned).

Vanquished Creatures
  An ogre (D:3)
  4 adders
  A worm (D:3)
  A dart slug (D:2)
  2 orcs
  2 ball pythons (D:2)
  5 bats
  6 endoplasms
  A giant cockroach (D:2)
  10 goblins
  8 hobgoblins
  4 jackals
  2 quokkas (D:3)
  4 frilled lizards
  7 kobolds
  3 rats
61 creatures vanquished.

Vanquished Creatures (collateral kills)
  2 adders (D:2)
  A goblin (D:4)
  A hobgoblin (D:4)
4 creatures vanquished.

Grand Total: 65 creatures vanquished

Notes
Turn   | Place    | Note
-------+----------+-------------------------------------------
     0 | D:1      | IdlyInterested the Demonspawn Wanderer began the quest for
                  | the Orb.
     0 | D:1      | IdlyInterested set off with the following items: a +0 club,
                  | a potion of might, a +0 robe, a +0 cloak; and the following
                  | spells available to memorise: Freeze, Slow, Tukima's Dance,
                  | Hailstorm, Ice Form.
     0 | D:1      | Reached XP level 1. HP: 15/15 MP: 2/2
   621 | D:1      | Gained mutation: A weak demonic guardian rushes to your
                  | aid. [demonic ancestry]
   621 | D:1      | Reached XP level 2. HP: 18/22 MP: 3/3
   817 | D:1      | Reached skill level 2 in Fighting
  1477 | D:1      | Learned a level 1 spell: Slow
  1551 | D:2      | Reached skill level 1 in Dodging
  2009 | D:2      | Gained mutation: You have a somewhat thin skeletal
                  | structure. (Dex +2, Stealth+) [demonic ancestry]
  2009 | D:2      | Reached XP level 3. HP: 17/28 MP: 4/4
  2567 | D:2      | Found an ornate altar of the Wu Jian Council.
  2859 | D:2      | Found a faded altar of an unknown god.
  2888 | D:2      | Reached skill level 3 in Fighting
  3405 | D:3      | Noticed an ogre
  3415 | D:3      | Killed an ogre
  3416 | D:3      | Reached skill level 1 in Short Blades
  3416 | D:3      | Reached XP level 4. HP: 19/35 MP: 5/5
  3416 | D:3      | Reached XP level 5. HP: 22/41 MP: 6/6
  3764 | D:3      | Found Ubrosy's General Store.
  3795 | D:3      | Bought a potion of invisibility for 88 gold pieces
  3882 | D:3      | You fall into a shaft and drop 1 floor!
  3888 | D:4      | Noticed Robin
  3947 | D:4      | Noticed a lemure
  4115 | D:3      | Found a radiant altar of Vehumet.
  4123 | D:3      | Found a shadowy altar of Dithmenos.
  4727 | D:3      | Bought a scroll of identify for 22 gold pieces
  4776 | D:4      | Noticed an ice beast
  4798 | D:4      | Slain by an ice beast

Illustrated notes

Levels and vault maps discovered:
D:1:      nzn_arrival_crosshair, layout_basic, serial_forest,
          infiniplex_forest_3_way, infiniplex_forest_end_2,
          infiniplex_forest_straight_4, infiniplex_forest_straight_1,
          infiniplex_forest_end_double, infiniplex_forest_clump_double,
          infiniplex_forest_clump_long, minmay_misc_feat_x
D:2:      layout_basic, hellmonk_ecumenical_altar_slurped_away, basic_altar,
          patterned_corridor
D:3:      layout_loops_cross, mainiacjoe_overflow_big_doors, serial_shops, shop,
          minmay_misc_feat_chi
D:4:      layout_rooms, nicolae_gozag_cash_rules_everything_around_me,
          uniq_natasha, uniq_edmund, uniq_eustachio, uniq_ijyb, uniq_duvessa,
          uniq_robin, uniq_pikel

Skill      XL: |  1  2  3 |
---------------+----------+-----
Fighting       | 2 3 |  3.0
Dodging        | 1 2 |  2.0
Short Blades   | 1 |  1.8
Stealth        | 2 |  2.9
Throwing       | |  0.8
Armour         | |  1.0
Spellcasting   | |  1.0
Hexes          | |  2.0
Ice Magic      | |  2.6
Invocations    | |  1.2

Action                   |  1- 3 |  4- 6 || total
-------------------------+-------+-------++-------
Melee: Mace              |    55 |       ||    55
       Club              |    17 |       ||    17
       Short sword       |    33 |       ||    33
       Rapier            |    31 |   118 ||   149
       Punch             |     1 |       ||     1
  Use: Potion            |     3 |     2 ||     5
       Scroll            |     1 |     3 ||     4
 Stab: Sleeping          |     7 |     3 ||    10
       Invisible         |       |     1 ||     1
Armor: Robe              |    46 |     9 ||    55
       Leather armour    |       |    30 ||    30
Dodge: Dodged            |   113 |    86 ||   199

Table legend: (Time is in decaauts)
 A = Elapsed time spent in this place.
 B = Non-inter-level travel time spent in this place.
 C = Inter-level travel time spent in this place.
 D = Time resting spent in this place.
 E = Time spent auto-exploring this place.
 F = Levels seen in this place.
 G = Mean time per level.
                   A        B        C        D        E       F      G
               +--------+--------+--------+--------+--------+-----+--------+
         Total |   4841 |   4552 |    289 |   1518 |   2234 |   4 | 1210.2 |
       Dungeon |   4841 |   4552 |    289 |   1518 |   2234 |   4 | 1210.2 |
               +--------+--------+--------+--------+--------+-----+--------+

Top non-repeatable levels by time:
     D:2: 2072 daAuts
     D:1: 1543 daAuts
     D:3: 1132 daAuts
     D:4: 93 daAuts
